 Dungeon Crawl Stone Soup version 0.27.1-34-g3ba077fa99 (webtiles) character file.

Game seed: 1830810531849126114

4287 Delamore the Covert (level 10, -8/60 HPs)
             Began as an Octopode Brigand on Feb 6, 2022.
             Was an Initiate of Gozag.
             Mangled by a komodo dragon (18 damage)
             ... on level 9 of the Dungeon.
             The game lasted 00:17:43 (8036 turns).

Delamore the Covert (Octopode Brigand)              Turns: 8036, Time: 00:17:44

Health: -8/60      AC:  1    Str: 16    XL:     10   Next: 32%
Magic:  10/10      EV: 13    Int: 14    God:    Gozag
Gold:   379        SH:  8    Dex: 21    Spells: 9/9 levels left

rFire    + . .     SeeInvis .   m - +8 short sword "Pystruepp" {vorpal, rPois Dex+4}
rCold    + . .     Faith    .   G - +2 buckler
rNeg     . . .     Spirit   .   (helmet restricted)
rPois    +         Reflect  .   f - amulet of regeneration
rElec    .         Harm     .   y - ring of protection from cold
rCorr    +         Rampage  .   A - ring of resist corrosion
Will     .....                  C - ring of Symmetry {rF+ Str+6}
Stlth    ++++++....             (no ring)
HPRegen  1.20/turn              (no ring)
MPRegen  0.12/turn              (no ring)
                                (no ring)
                                (no ring)

@: studying 3 skills
A: almost no armour, amphibious, 8 rings, camouflage 1, gelatinous body 1,
(nimble swimmer 1), tentacles
a: Renounce Religion, Potion Petition, Call Merchant, Bribe Branch


You were on level 9 of the Dungeon.
You worshipped Gozag.
Gozag was aware of your devotion.
You visited 2 branches of the dungeon, and saw 10 of its levels.

You collected 3028 gold pieces.
You spent 1087 gold pieces at shops.
You paid 1562 gold pieces to Gozag.

Inventory:

Hand Weapons
 a - a +2 dagger of flaming
 m - the +8 short sword "Pystruepp" (weapon) {vorpal, rPois Dex+4}
   (You bought it in a shop on level 3 of the Dungeon)

   It inflicts extra damage upon your enemies.
   Dex:       It affects your dexterity (+4).
   rPois:     It protects you from poison.
Missiles
 b - 44 poisoned darts (quivered)
 c - 2 curare-tipped darts
 h - 6 datura-tipped darts
 B - 4 boomerangs
 E - 2 throwing nets
Armour
 q - a +0 buckler
 G - a +2 buckler (worn)
Jewellery
 f - an amulet of regeneration (around mantle)
 t - an amulet of the acrobat
 x - an amulet of reflection
 y - a ring of protection from cold (left tentacle)
 A - a ring of resist corrosion (right tentacle)
 C - the ring of Symmetry (on tentacle) {rF+ Str+6}
   (You found it on level 5 of the Dungeon)

   [ring of strength]

   Str:       It affects your strength (+6).
   rF:        It protects you from fire.
Wands
 s - a wand of flame (17)
 D - a wand of acid (6)
 F - a wand of polymorph (5)
 H - a wand of paralysis (8)
Scrolls
 d - 2 scrolls of fog
 g - 3 scrolls of amnesia
 i - 2 scrolls of noise
 k - 2 scrolls of fear {unknown}
 l - 2 scrolls of teleportation
 n - a scroll of enchant weapon {unknown}
 p - a scroll of silence {unknown}
 u - 2 scrolls of summoning {unknown}
 v - a scroll of enchant armour {unknown}
 z - a scroll of immolation {unknown}
Potions
 e - a potion of berserk rage
 j - 2 potions of mutation
 o - a potion of magic
 r - 3 potions of lignification
 w - a potion of might


   Skills:
 - Level 2.0 Fighting
 + Level 9.7 Short Blades
 - Level 5.0 Throwing
 + Level 1.0 Dodging
 + Level 12.0 Stealth
 - Level 4.0 Shields
 + Level 0.0 Hexes
 - Level 5.3 Evocations


You had 9 spell levels left.
You didn't know any spells.
Your spell library contained the following spells:

 Spells                   Type           Power      Damage    Failure   Level
 Slow                     Hex            0%         N/A       41%         2
 Confusing Touch          Hex            0%         N/A       65%         3
 Dazzling Flash           Conj/Hex       0%         N/A       65%         3
 Vampiric Draining        Necr           0%         2d6       65%         3
 Agony                    Necr           0%         N/A       100%        5
 Silence                  Hex/Air        0%         N/A       100%        5


Dungeon Overview and Level Annotations

Branches:
Dungeon (9/15)             Temple (1/1) D:5            Lair (0/6) D:9
    Orc: D:9-12

Altars:
Ashenzari
Cheibriados
Elyvilon
Fedhas
Gozag
Hepliaklqana
Kikubaaqudgha
Nemelex Xobeh
Okawaru
Qazlal
Ru
Trog
Vehumet
Wu Jian
Xom
Yredelemnul
Zin
The Shining One

Shops:
D:3 ?(=:*


Innate Abilities, Weirdness & Mutations

You cannot wear most types of armour.
You are amphibious.
You can wear up to eight rings at the same time.
Your skin changes colour to match your surroundings (Stealth+).
Your rubbery body absorbs attacks. (AC +1, EV +1)
((You are camouflaged near water. (Stealth+)))
You have tentacles for arms and can constrict up to eight enemies at once.


Message History

There is a stone staircase leading up here.
Done exploring.
Things that are here:
2 stones; a +0 short sword
Things that are here:
a +0 whip; a +0 whip; a +0 dagger You open the door.
There is an open door here.
There is a stone staircase leading down here.
You climb downwards.
The komodo dragon bites you!!
There is a stone staircase leading up, spattered with blood here.
You closely miss the komodo dragon. The komodo dragon misses you.
You closely miss the komodo dragon.
You squeeze the komodo dragon, but do no damage.
You block the komodo dragon's attack.
You hit the komodo dragon.
The komodo dragon is lightly wounded.
You hit the komodo dragon. Your squeeze misses the komodo dragon.
The komodo dragon is lightly wounded.
The komodo dragon bites you!
You puncture the komodo dragon!
The komodo dragon is moderately wounded.
The komodo dragon bites you!
You hit the komodo dragon. You squeeze the komodo dragon.
The komodo dragon is heavily wounded.
You barely miss the komodo dragon.
The komodo dragon is heavily wounded.
The komodo dragon bites you!
* * * LOW HITPOINT WARNING * * *
You puncture the komodo dragon!
The komodo dragon is severely wounded.
You hit the komodo dragon.
The komodo dragon is severely wounded.
The komodo dragon bites you.
* * * LOW HITPOINT WARNING * * *
You hit the komodo dragon. You squeeze the komodo dragon.
The komodo dragon is almost dead.
The komodo dragon bites you!!
You die...
Your body crumbles into a pile of gold.

########
#......####+####
#......#≈≈≈.≈≈≈#
#......#≈.....≈#
#......#≈.≈≈≈.≈#
#.l....'..#≈#..+
#@.....#≈.≈≈≈.≈#
#####+##≈.....≈#
#≈≈≈.≈≈≈#
####+#### ..P..#
>.PP..######


You could see a komodo dragon.

Vanquished Creatures
  The ghost of elgoggo the Cleaver, a novice MiAK of Lugonu (D:5)
  A hornet (D:8)
  3 water moccasins
  An orc warrior (D:8)
  3 black bears (D:6)
  3 ogres
  2 ice beasts
  3 necrophages
  2 centaurs (D:8)
  A phantom (D:4)
  2 kobold brigands (D:8)
  5 bullfrogs
  2 wyvern zombies
  2 gnoll sergeants (D:5)
  A scorpion (D:6)
  A water moccasin zombie (D:5)
  2 wyvern skeletons
  3 wights (D:7)
  2 howler monkeys
  3 centaur zombies
  A bullfrog zombie (D:5)
  3 hounds
  Crazy Yiuf (D:3)
  6 orc priests
  A gnoll shaman (D:5)
  2 jellies
  4 iguanas
  A centaur skeleton (D:6)
  Natasha (thrice) (D:3)
  4 orc wizards
  A hound skeleton (D:4)
  11 gnolls
  7 adders
  2 shadow imps
  An ufetubus (D:5)
  An adder skeleton (D:4)
  A dart slug (D:3)
  25 orcs
  7 ball pythons
  9 endoplasms
  4 giant cockroaches
  9 goblins
  6 hobgoblins
  A quokka (D:5)
  5 bats
  24 kobolds
  8 rats
191 creatures vanquished.

Vanquished Creatures (others)
  A gnoll (D:5)
  6 plants (D:5)
7 creatures vanquished.

Grand Total: 198 creatures vanquished

Notes
Turn   | Place    | Note
-------+----------+-------------------------------------------
     0 | D:1      | Delamore the Octopode Brigand began the quest for the Orb.
     0 | D:1      | Reached XP level 1. HP: 14/14 MP: 1/1
    64 | D:1      | Reached XP level 2. HP: 15/19 MP: 2/2
   493 | D:1      | Reached skill level 6 in Stealth
   808 | D:1      | Found a faded altar of an unknown god.
  1077 | D:2      | Reached XP level 3. HP: 24/24 MP: 3/3
  1354 | D:2      | Reached skill level 7 in Stealth
  1354 | D:2      | Reached XP level 4. HP: 26/29 MP: 4/4
  1779 | D:3      | Found a blossoming altar of Fedhas.
  1916 | D:3      | Noticed Natasha
  1927 | D:3      | Killed Natasha
  1986 | D:3      | Found Lauwa's Book Shop.
  2033 | D:3      | Found Siodgh's General Store.
  2049 | D:3      | Bought a scroll of noise for 12 gold pieces
  2138 | D:3      | Found Hith's Magic Scroll Boutique.
  2333 | D:3      | Reached XP level 5. HP: 34/34 MP: 5/5
  2357 | D:3      | Noticed Natasha
  2367 | D:3      | Killed Natasha
  2472 | D:3      | Found a runed translucent door.
  2473 | D:3      | Noticed Crazy Yiuf
  2514 | D:3      | Noticed Natasha
  2523 | D:3      | Killed Natasha
  2524 | D:3      | Reached skill level 8 in Stealth
  2652 | D:3      | Killed Crazy Yiuf
  2719 | D:4      | Reached XP level 6. HP: 39/39 MP: 6/6
  2771 | D:4      | Reached skill level 9 in Stealth
  2948 | D:4      | Noticed a necrophage
  2956 | D:4      | Killed a necrophage
  2957 | D:4      | Reached skill level 10 in Stealth
  2957 | D:4      | Reached XP level 7. HP: 14/45 MP: 7/7
  3166 | D:5      | Entered Level 5 of the Dungeon
  3179 | D:5      | Reached skill level 5 in Short Blades
  3238 | D:5      | Found a transporter.
  3289 | D:5      | Found a transporter.
  3298 | D:5      | Noticed elgoggo's ghost (novice MiAK)
  3483 | D:5      | Reached skill level 1 in Shields
  3483 | D:5      | Reached XP level 8. HP: 50/50 MP: 8/8
  3556 | D:5      | Found a staircase to the Ecumenical Temple.
  3565 | Temple   | Entered the Ecumenical Temple
  3620 | Temple   | Became a worshipper of Gozag Ym Sagoz the Greedy
  4145 | D:6      | Reached skill level 1 in Evocations
  4145 | D:6      | Reached XP level 9. HP: 46/54 MP: 9/9
  5435 | D:8      | Reached skill level 11 in Stealth
  5548 | D:8      | Noticed a hornet
  5553 | D:8      | Killed a hornet
  5842 | D:3      | Bought a scroll of acquirement for 572 gold pieces
  5843 | D:3      | Acquired a manual of Shields
  5845 | D:3      | Acquired 1322 gold pieces
  5847 | D:3      | Acquired 598 gold pieces
  5854 | D:3      | Bought a fine short sword for 224 gold pieces
  5854 | D:3      | Identified the +8 short sword "Pystruepp" {vorpal, rPois
                  | Dex+4} (You bought it in a shop on level 3 of the Dungeon)
  5881 | D:3      | Bought a scroll of blinking for 82 gold pieces
  5881 | D:3      | Bought a scroll of teleportation for 33 gold pieces
  5881 | D:3      | Bought a scroll of identify for 22 gold pieces
  5881 | D:3      | Bought a scroll of identify for 22 gold pieces
  6237 | D:8      | Reached XP level 10. HP: 40/60 MP: 10/10
  6544 | D:8      | Reached skill level 5 in Throwing
  6770 | D:9      | Found a staircase to the Lair.
  7018 | D:5      | Reached skill level 5 in Evocations
  7405 | D:5      | Identified the ring of Symmetry {rF+ Str+6}
  7464 | D:5      | Killed elgoggo's ghost
  7465 | D:5      | Reached skill level 12 in Stealth
  7834 | D:3      | Bought a wand of paralysis (8) for 120 gold pieces
  8036 | D:9      | Mangled by a komodo dragon

Illustrated notes

Levels and vault maps discovered:
D:1:      co_arrival_random_square_maze, layout_basic,
          hellmonk_ecumenical_altar_inner_sanctum
D:2:      layout_loops_cross
D:3:      layout_loops_corners, fedhas_ov_isle_minmay, serial_shops,
          shop_fountains, nicolae_shop_stone, nicolae_shop_trees,
          minmay_misc_feat_columns, uniq_crazy_yiuf_cottage, uniq_natasha
D:4:      layout_rooms
D:5:      layout_loops_ring, minmay_temple_entry_junction_2,
          gammafunk_ghost_gnarly_gnolls, kennysheep_generic_room_12
D:6:      layout_basic, hangedman_abyss_or_decor_slice
D:7:      layout_basic
D:8:      layout_basic, minmay_manual_mares
D:9:      layout_irregular_city, david_lair_shrubbed, kennysheep_big_empty_room,
          kennysheep_generic_room_11
Temple:   regret_index_temple_sigil_plot

Skill      XL: |  1  2  3  4  5  6  7  8  9 10 |
---------------+-------------------------------+-----
Stealth        | 6 7 8 10 11 12 | 12.0
Short Blades   | 3 4 6 8 9 |  9.7
Shields        | 1 4 |  4.0
Evocations     | 1 4 5 |  5.3
Throwing       | 4 5 |  5.0
Fighting       | |  2.0
Dodging        | |  1.0

Action                   |  1- 3 |  4- 6 |  7- 9 | 10-12 || total
-------------------------+-------+-------+-------+-------++-------
Melee: Dagger            |    58 |    95 |   238 |       ||   391
       Constrict         |    19 |    14 |    41 |    13 ||    87
       Tentacles         |    11 |    18 |    56 |    17 ||   102
       Short sword       |       |       |    19 |   103 ||   122
Throw: Dart              |       |       |     4 |     6 ||    10
Invok: Call Merchant     |       |       |     2 |       ||     2
Evoke: Wand              |       |       |     2 |       ||     2
  Use: Scroll            |       |     4 |     6 |     4 ||    14
       Potion            |       |     1 |       |       ||     1
 Stab: Sleeping          |     6 |    18 |    23 |     3 ||    50
       Distracted        |     1 |     1 |     4 |     1 ||     7
Armor: Skin              |     4 |     5 |     6 |     4 ||    19
Dodge: Dodged            |    35 |    41 |    94 |    42 ||   212
Block: Buckler           |       |       |    22 |    21 ||    43
